[Event "ChessKid Cup Div-III 2023"]
[Site "Online"]
[Date "2023.05.22"]
[Round "51.2"]
[White "Santos Ruiz, Miguel"]
[Black "Tang, Andrew"]
[Result "1/2-1/2"]
[ECO "C55"]
[WhiteElo "2590"]
[BlackElo "2523"]
[Annotator "TA"]
[PlyCount "131"]
[EventDate "2023.05.21"]
[EventType "k.o."]
[EventCountry "NET"]
[SourceTitle "playchess.com"]
[Source "ChessBase"]
[SourceQuality "1"]
[TimeControl "900+3"]

1. e4 e5 2. Nf3 Nc6 3. Bc4 Nf6 4. d3 h6 5. c3 d6 6. a4 {[%emt 0:00:01][%cal Ba2a4,Ba4a5,Ba5a6][%mdl 32] C55: Two Knights: 4 d3, 4 d4 exd4 5 e5 and Max Lange Attack.} g5 7. Qb3 (7. a5 Bg7 8. a6 b6 9. O-O O-O 10. Re1 Rb8 11. Bb5 Ne7 12. d4 c6 13. Bf1 Ng6 14. h3 Qe7 15. g3 Be6 {0-1 Santos Ruiz,M (2590)-Tang,A (2523) Titled Tuesday intern op 09th May Late blitz 2023 (7)}) 7... Qe7 8. a5 {[%emt 0:00:00] White is slightly better.} Bg7 9. Nbd2 {[%emt 0:00:05][%cal Bb1d2,Bd2f1,Bf1e3][%mdl 32] [#]} O-O $146 ({Predecessor:} 9... Nd8 10. Nf1 c6 11. Ne3 Ng4 12. Nf1 f5 13. h4 f4 14. Qd1 Be6 15. hxg5 hxg5 16. Rxh8+ Bxh8 17. Bxe6 Nxe6 {1-0 Tari,A (2654)-Wang,H (2744) Norway Chess 10th 2022 (5)}) 10. Nf1 Bd7 11. Qc2 (11. Qxb7 $2 Rfb8 12. Qa6 (12. Qxc7 $2 Ne8 $19) 12... Nd8 $19) 11... Be6 12. Ne3 Qd7 13. a6 Bxc4 14. dxc4 b6 15. O-O Ne7 16. Rd1 Qc6 17. Nd2 Rae8 18. f3 Qd7 19. Ndf1 Qc8 20. Ng3 Nd7 21. b4 Nb8 22. Qa4 Kh7 23. Nef5 Ng6 24. Nh5 Bh8 {[%emt 0:00:02] [#]} 25. c5 dxc5 $16 26. bxc5 Re6 27. Be3 {[%emt 0:00:34] White is much more active.} Nf4 28. Nxf4 (28. Nhg3 $16) 28... gxf4 ({Better is} 28... exf4 $14 29. Bd4 Be5) 29. Bf2 Bf6 30. Qc4 Rg8 31. g4 fxg3 32. hxg3 Nc6 (32... Be7 $16 33. Kg2 Bg5) 33. Kg2 $18 Ne7 34. cxb6 cxb6 35. Qxc8 Rxc8 36. Rd7 (36. Nd6 $1 $18 ) 36... Nxf5 $16 37. exf5 Re7 38. Rd6 (38. Rb7 $1 $16) 38... Bg5 $1 $14 39. c4 Rec7 (39... Kg7 $5 ) 40. Ra4 (40. Re1 $5 ) 40... Be7 41. Rd5 f6 (41... Rxc4 $2 42. Rxc4 Rxc4 43. Rd7 $18 (43. Rxe5 Rc7 $14)) 42. Ra1 (42. g4 $14 {should be considered.}) 42... Kg8 (42... Rxc4 43. Bxb6 axb6 44. a7 Rc2+ 45. Kh3 $18) 43. Be3 (43. g4 $5 ) 43... Bf8 ({Weaker is} 43... Rxc4 44. Rd7 Rc2+ 45. Kh3 $16) (43... Kf7 $1 $11) 44. g4 (44. Rad1 $14) 44... Rh7 $2 (44... Rxc4 $11 45. Rad1 Rc3) 45. Rc1 (45. Rad1 $1 $18) 45... h5 46. gxh5 Rxh5 47. Rd7 Rh7 48. Rxh7 ({Only move:} 48. Rcd1 $1 $16 {Hoping for Rxh7.} Rc7 49. Rxc7 Rxc7 50. Rd8) 48... Kxh7 $16 {[%emt 0:00:00][%mdl 4096] Endgame KRB-KRB} 49. Rd1 {[%emt 0:00:02] Strongly threatening Rd7+.} Rc7 {[%emt 0:00:04] Inhibits Rd7+.} 50. Rd8 Be7 (50... Bh6 $11 {and Black stays safe.} 51. Bf2 Bg5) 51. Rb8 $1 $18 Kg7 52. Rb7 Rxb7 (52... Bd6 {might work better.} 53. c5 Rxb7 54. axb7 bxc5 55. Bxc5 Bb8) 53. axb7 {[%emt 0:00:01] KB-KB} Bd6 54. Kf2 (54. Bc1 $142) 54... Kf7 55. Ke2 Bb8 $2 (55... Ke8 {is tougher.}) 56. c5 $2 (56. Kd3 $18) 56... bxc5 $16 57. Bxc5 {[%emt 0:00:00] And now Bb4 would win.} Ke8 (57... a5 $16) 58. Kd3 (58. Bb4 $1 $18) 58... Kd7 (58... a5 $16) 59. Kc4 (59. Bb4 $1 $18) 59... a6 $2 {[%emt 0:00:02] [#]} (59... a5 $16) 60. Bf8 $2 (60. Bb4 $1 $18 {and the rest is easy. Intending Kd5 and mate.} Kc6 61. Be7 Kxb7 62. Kd5 (62. Bxf6 Kc6 $11)) 60... Bc7 $2 (60... a5 $16) 61. Kc5 a5 62. Kb5 a4 63. Kxa4 Kc6 {[%emt 0:00:01] [#]} 64. Be7 $2 (64. Kb4 $1 $18 {is the precise move to win. Be7 would kill now.} Kd5 65. Be7) 64... Kxb7 65. Bxf6 (65. Kb5 $16 e4 66. fxe4 (66. Bxf6 exf3 67. Bd4 Bd8 $11)) 65... Kc6 $11 66. Bxe5 {[%emt 0:00:03] Weighted Error Value: White=0.49/Black=0.55} 1/2-1/2

[Event "ChessKid Cup Div-III 2023"]
[Site "Online"]
[Date "2023.05.22"]
[Round "51.2"]
[White "Narayanan, Srinath"]
[Black "Bachmann, Axel"]
[Result "0-1"]
[ECO "E16"]
[WhiteElo "2559"]
[BlackElo "2604"]
[Annotator "TA"]
[PlyCount "70"]
[EventDate "2023.05.21"]
[EventType "k.o."]
[EventCountry "NET"]
[SourceTitle "playchess.com"]
[Source "ChessBase"]
[SourceQuality "1"]
[TimeControl "900+3"]

1. d4 Nf6 2. Nf3 e6 3. c4 Bb4+ 4. Nbd2 b6 5. g3 Bb7 6. Bg2 O-O 7. O-O d5 8. Qc2 Nbd7 9. a3 {[%emt 0:00:27] E16: Queen's Indian: 4 g3 Bb7 5 Bg2 Bb4+.} Be7 10. b4 c5 11. bxc5 {[%emt 0:00:05] Black is slightly better.} bxc5 12. Rb1 Qc8 13. cxd5 Bxd5 14. e4 {[%emt 0:02:36][%cal Be2e4,Be4e5][%mdl 32] [#]} Bb7 $146 ({Predecessor:} 14... Bc6 15. e5 Nd5 16. Ne4 cxd4 17. Nxd4 Bb7 18. Qxc8 Bxc8 19. f4 Ba6 20. Rd1 Bc5 21. Nxc5 Nxc5 22. Bxd5 exd5 {1-0 Maly,A (2371)-Dai,G (1709) PNWCC Online blitz JP 14th 2020 (2)}) 15. d5 exd5 16. e5 Ne4 17. Re1 Rb8 18. Nxe4 dxe4 19. Ng5 Bxg5 $1 20. Bxg5 Nxe5 21. Bf4 {[%emt 0:00:18] [#]} ({White should try} 21. Bxe4 $15 Bxe4 22. Qxe4 Rxb1 23. Rxb1) 21... Nd3 22. Bxb8 $11 {[%emt 0:01:42] This pair of bishops is nice.} Nxe1 23. Qb2 (23. Rxe1 $11 Qxb8 24. Qxc5) 23... Qxb8 $17 24. Bxe4 {[%emt 0:00:23] [#]} (24. Rxe1 $17 {keeps fighting.} Qc8 25. Bxe4 Bxe4 26. Rxe4) 24... Bxe4 $1 $19 25. Qxb8 {[%emt 0:00:42][%cal Ob1b2] aiming for Rb2!} Nf3+ ({Don't do} 25... Bxb1 26. Qxb1 Nf3+ 27. Kg2 $18) 26. Kg2 {[%emt 0:00:01][%cal Ob1b2] Rb2! is the strong threat.} Nd2+ {[%emt 0:00:01][%mdl 64] Discovered Attack} 27. f3 Bxb1 ({Not} 27... Nxb1 28. Qxa7 Ba8 29. Qa5 $15) 28. Qxa7 c4 (28... Re8 $19 29. Qxc5 Re2+ 30. Kh1 h6) 29. Qc7 $2 {[%emt 0:00:51][%mdl 8192] This costs White the game.} (29. Qa5 $17 {nothing else works.} Nb3 30. Qc7) 29... Bd3 {[%emt 0:00:03] And now ...Re8 would win.} 30. a4 (30. Qd7 $142 h6 31. a4) 30... Re8 31. a5 h5 {[%emt 0:00:02] ( -> ...Re2+)} 32. Qc6 Re2+ {[%emt 0:00:12] Black mates.} 33. Kh3 Nf1 34. Kh4 Rxh2+ 35. Kg5 f6+ {[%emt 0:00:01] Weighted Error Value: White=0.76/Black=0.18 (very precise)} 0-1

[Event "ChessKid Cup Div-III 2023"]
[Site "Online"]
[Date "2023.05.22"]
[Round "51.2"]
[White "Terry, Renato"]
[Black "Sasikiran, Krishnan"]
[Result "1-0"]
[ECO "A06"]
[WhiteElo "2520"]
[BlackElo "2604"]
[Annotator "TA"]
[PlyCount "57"]
[EventDate "2023.05.21"]
[EventType "k.o."]
[EventCountry "NET"]
[SourceTitle "playchess.com"]
[Source "ChessBase"]
[SourceQuality "1"]
[TimeControl "900+3"]

1. Nf3 d5 2. b3 c5 3. e3 a6 4. Bb2 Nc6 5. d4 Nf6 6. a3 {[%emt 0:00:25] A06: Réti Opening: 1 Nf3 d5.} cxd4 7. Nxd4 Qc7 {[%emt 0:00:40] [#]} 8. c4 $146 {[%emt 0:00:19] The position is equal.} ({Predecessor:} 8. Nd2 e5 9. Nxc6 bxc6 10. c4 Bd6 11. Qc2 Bb7 12. c5 Be7 13. b4 O-O 14. Nb3 {1-0 Trussevich,S (2287)-Hirneise,T (2460) BL2-Sued 1819 2018 (8.5)}) 8... e5 9. Nxc6 bxc6 10. cxd5 cxd5 11. Nc3 Be6 12. Be2 Bd6 13. Rc1 Qe7 14. b4 O-O 15. O-O Rfd8 16. Na4 a5 17. Nc5 Bf5 18. Na6 {[%emt 0:05:01] [#]} (18. Bd3 $11 Bxd3 19. Qxd3) 18... d4 $1 $17 (18... axb4 $6 19. Nxb4 Qe8 20. Re1 $11) 19. exd4 (19. b5 $17) 19... e4 $2 ({Stronger than} 19... axb4 20. Nxb4 Bxb4 21. axb4 $11) ({Black should try} 19... exd4 $19 {Hoping for ...d3.} 20. Bxd4 Ne4) 20. b5 $11 Nd5 {[%emt 0:00:42][%cal Of5h3] ...Bh3! is the strong threat.} 21. g3 Qg5 22. Rc6 $36 {[%emt 0:00:16][%mdl 2048] White fights for an advantage.} Bh3 23. Bc1 (23. Re1 $14) 23... e3 $1 $15 24. Re1 {[%emt 0:00:08] [#] Chess con chili.} Bxa3 25. Bf3 ({White should play} 25. fxe3 $16 {aiming for e4.} Bxc1 26. Qxc1) 25... Bxc1 $11 26. Rxc1 {[%emt 0:00:27] With the idea Rc5.} exf2+ (26... h5 $11 {keeps the balance.}) 27. Kxf2 $16 Nf6 $2 28. Rc5 $18 Qh6 29. Qc1 {[%emt 0:00:23] Weighted Error Value: White=0.25 (precise) /Black=0.33} 1-0

[Event "ChessKid Cup Div-III 2023"]
[Site "Online"]
[Date "2023.05.22"]
[Round "51.2"]
[White "Raja Harshit"]
[Black "Iniyan, P."]
[Result "1-0"]
[ECO "B95"]
[WhiteElo "2515"]
[BlackElo "2525"]
[Annotator "TA"]
[PlyCount "37"]
[EventDate "2023.05.21"]
[EventType "k.o."]
[EventCountry "NET"]
[SourceTitle "playchess.com"]
[Source "ChessBase"]
[SourceQuality "1"]
[TimeControl "900+3"]

1. e4 c5 2. Nf3 d6 3. d4 cxd4 4. Nxd4 Nf6 5. Nc3 a6 6. Bg5 e6 7. Qe2 Nbd7 {[%emt 0:00:04][%cal Bb8d7,Bd7e5,Be5c4][%mdl 32] B95: Sicilian Najdorf: 6 Bg5 e6, unusual White 7th moves.} 8. g3 Qc7 9. Bg2 h6 {[%emt 0:00:00] White has an edge.} 10. Bd2 Ne5 {[%emt 0:00:07] [#]} 11. f4 $146 ({Predecessor:} 11. O-O Be7 12. Nd1 Bd7 13. Ne3 b5 14. f4 Nc6 15. c3 O-O 16. Rac1 Rac8 17. Kh1 {1-0 Ottesen,S (2370)-Siigur,J (2409) W-ch42 sf05 email 2018}) 11... Nc4 12. O-O-O Be7 13. Kb1 (13. e5 $16 dxe5 14. fxe5) 13... Rb8 {[%emt 0:00:15] [#]} (13... O-O $11) 14. Bc1 $1 $16 Nd7 (14... Bd7 $16) 15. Nf5 {[%emt 0:00:32][%mdl 64] Deflection} Bf6 {[%emt 0:00:03][%mdl 8192] [#] This costs Black the game.} (15... exf5 $16 16. Nd5 {[%mdl 64] Deflection} Qd8) 16. Qxc4 $3 $18 {[%emt 0:00:03][%mdl 576] Remove Defender, Decoy. White is clearly winning.} Qxc4 17. Nxd6+ Ke7 {[%emt 0:00:01] aiming for ...Qc6.} 18. Nxc4 {[%emt 0:00:00] A dynamic duo of knights.} b5 19. Nd6 {[%emt 0:00:41] Weighted Error Value: White=0.24 (precise) /Black=0.86} 1-0

[Event "ChessKid Cup Div-III 2023"]
[Site "Online"]
[Date "2023.05.22"]
[Round "51.2"]
[White "Gadimbayli, Abdulla"]
[Black "Navara, David"]
[Result "0-1"]
[ECO "C67"]
[WhiteElo "2500"]
[BlackElo "2678"]
[Annotator "TA"]
[PlyCount "76"]
[EventDate "2023.05.21"]
[EventType "k.o."]
[EventCountry "NET"]
[SourceTitle "playchess.com"]
[Source "ChessBase"]
[SourceQuality "1"]
[TimeControl "900+3"]

1. e4 e5 2. Nf3 Nc6 3. Bb5 Nf6 4. O-O Nxe4 5. Re1 Nd6 6. Bf1 {[%emt 0:00:00][%cal Ob1c3] C67: Ruy Lopez: Berlin Defence: 4 0-0 Nxe4.} Be7 {[%emt 0:00:19] Strongly threatening ...e4.} 7. Nc3 {[%emt 0:00:03] Nowadays more popular than 7.Nxe5.} e4 {[%emt 0:00:23][%mdl 64] Deflection} 8. Nxe4 {[%emt 0:00:02] The position is equal.} Nxe4 9. Rxe4 d5 10. Re1 Bg4 11. h3 Bh5 {[%emt 0:00:01] [#]} 12. d4 $146 ({Predecessor:} 12. c3 O-O 13. d4 Bd6 14. g4 Bg6 15. Ne5 Nxe5 16. dxe5 Bc5 17. Be3 Bxe3 18. Rxe3 {½-½ Mamedov,R (2656)-Ganguly,S (2616) FRA-chT Top 16 GpA 2022 (7.2)}) 12... Bxf3 13. Qxf3 Nxd4 14. Qg4 Ne6 15. Bd3 O-O 16. Bf5 Nc5 17. Bh6 Bf6 18. Rad1 c6 19. Be3 {[%emt 0:00:22] This pair of bishops is nice.} b6 20. b4 Na4 21. Bd7 Nb2 {[%emt 0:00:38] aiming for ...h5.} (21... Qc7 $5 22. b5 (22. Bf4 Qb7 $17) 22... cxb5 23. Rxd5 Rad8 $17) 22. Bxc6 Nxd1 23. Rxd1 Rc8 24. Bxd5 (24. Rxd5 $15 Qc7 25. b5) 24... Qe7 $17 25. Bb3 Rfd8 $36 {[%emt 0:00:53][%mdl 2048] Against Rd7. Black is in control.} 26. Re1 Bc3 27. Bd2 {[%emt 0:00:15][%mdl 64] Discovered Attack} Qf8 28. Bxc3 Rxc3 29. Re5 Rc7 30. Qf4 Re7 31. Rf5 g6 32. Rf6 Qe8 33. Kh2 Qd7 34. g3 Qb7 35. b5 Rd1 36. Rc6 {[%emt 0:00:01] [#]} Qd7 $1 {[%emt 0:00:31][%cal Od1h1] ( -> ...Rh1+!). Really sharp!} 37. c3 $2 {[%emt 0:00:07][%mdl 8192] [#]} (37. Kg2 $17) 37... Rh1+ $3 {[%emt 0:00:08][%mdl 576] Skewer, Decoy, Back Rank} 38. Kxh1 (38. Kg2 Qxh3+) 38... Qxh3+ {[%emt 0:00:00] A superb game by Navara.   Weighted Error Value: White=0.27 (precise) /Black=0.02 (flawless)} 0-1

[Event "ChessKid Cup Div-III 2023"]
[Site "Online"]
[Date "2023.05.23"]
[Round "52.1"]
[White "Yu, Yangyi"]
[Black "Bachmann, Axel"]
[Result "1-0"]
[ECO "C54"]
[WhiteElo "2729"]
[BlackElo "2604"]
[Annotator "TA"]
[PlyCount "59"]
[EventDate "2023.05.21"]
[EventType "k.o."]
[EventCountry "NET"]
[SourceTitle "playchess.com"]
[Source "ChessBase"]
[SourceQuality "1"]
[TimeControl "900+3"]

1. e4 e5 2. Nf3 Nc6 3. Bc4 Bc5 4. d3 Nf6 5. Bg5 h6 6. Bh4 d6 7. c3 {[%emt 0:00:05] is now debated instead of 7.h3.} a6 8. a4 {[%emt 0:00:02] C54: Giuoco Piano: 4 c3 Nf6, main lines with 5 d4 and 5 d3.} Ba7 9. Nbd2 Qe7 (9... g5 $5 10. Bg3 Be6 $11) 10. b4 {[%emt 0:00:07][%cal Bb2b4,Bb4b5][%mdl 32] White is slightly better.} Be6 11. O-O Bxc4 12. Nxc4 Qe6 {[%emt 0:00:02] [#]} 13. b5 $146 ({Predecessor:} 13. Bxf6 Qxf6 14. b5 Nd8 15. Rb1 Rc8 16. d4 exd4 17. cxd4 O-O 18. Re1 Re8 19. Qd2 axb5 20. Rxb5 {1-0 Sethuraman,S (2619)-Ravi,T (2236) IND-ch 58th Kanpur 2022 (7)}) 13... Ne7 14. Bxf6 Qxf6 15. d4 exd4 16. cxd4 O-O 17. bxa6 bxa6 18. Ne3 Qe6 19. Qc2 c6 20. Rfe1 Rfe8 21. Rab1 Rab8 22. Qd3 Rxb1 23. Rxb1 Ng6 {[%emt 0:00:35] Black cannot hold the game after this.} ({Black should play} 23... Qc8 $14) 24. Rb7 $18 ({But not} 24. Qxa6 $6 Qxe4 25. Re1 Bxd4 $16) 24... Bb8 {[%emt 0:00:22] [#]} (24... Ra8 {was necessary.} 25. h4 (25. Qxa6 Qc8 $15) 25... a5) 25. Qxa6 d5 26. exd5 cxd5 27. Qxe6 fxe6 28. a5 {[%emt 0:00:01][%cal Ba4a5,Ba5a6][%mdl 32] Black must now prevent a6.} Bd6 (28... Ne7 {was called for.} 29. a6 Nc6) 29. a6 Ra8 30. Rb6 {[%emt 0:00:03] Weighted Error Value: White=0.14 (very precise) /Black=0.35} 1-0

[Event "ChessKid Cup Div-III 2023"]
[Site "Online"]
[Date "2023.05.23"]
[Round "52.1"]
[White "Keymer, Vincent"]
[Black "Bluebaum, Matthias"]
[Result "1-0"]
[ECO "A20"]
[WhiteElo "2700"]
[BlackElo "2669"]
[Annotator "TA"]
[PlyCount "85"]
[EventDate "2023.05.21"]
[EventType "k.o."]
[EventCountry "NET"]
[SourceTitle "playchess.com"]
[Source "ChessBase"]
[SourceQuality "1"]
[TimeControl "900+3"]

1. c4 e5 2. g3 Nf6 3. Bg2 c6 4. d4 Bb4+ 5. Bd2 Bxd2+ 6. Qxd2 d6 7. Nc3 O-O 8. Rd1 {[%emt 0:00:07] [#] dxe5 is the strong threat. 8.b3 is the recent fashion. A20: English Opening: 1...e5.} Qe7 9. b3 $5 {[%emt 0:00:05][%mdl 4] A promising side line.} h6 10. dxe5 {[%emt 0:01:28] The position is equal.} (10. d5 $5 ) 10... dxe5 11. Qd6 Qxd6 12. Rxd6 Re8 13. Nf3 Bf5 14. O-O Na6 15. Rfd1 Nc5 16. Nh4 {[%emt 0:00:51] [#]} Bh7 $146 ({Predecessor:} 16... Bc2 17. Rc1 Bh7 18. b4 Ne6 19. Rcd1 Rad8 20. Rxd8 Rxd8 21. Rxd8+ Nxd8 22. Nf3 Nd7 {1-0 Van Leent,D (2309)-Ouwendijk,V (2107) Hoogeveen Essent op 2005 (5)}) 17. b4 Nce4 18. Nxe4 Nxe4 19. Bxe4 Bxe4 20. f3 Bh7 21. Rd7 g5 22. Ng2 {[%emt 0:00:03] White is more active.} a5 23. b5 (23. Rxb7 $6 axb4 24. Rxb4 Rxa2 $11) 23... cxb5 24. cxb5 Rac8 (24... e4 $16 {was called for.}) 25. Ne3 $18 (25. Rxb7 $6 Rc2 $16) 25... Rb8 26. R1d6 Kg7 (26... Bb1 $16) 27. Rb6 Red8 28. Rxd8 (28. Rdxb7 Rxb7 29. Rxb7 Rd2 $16) 28... Rxd8 $16 {[%emt 0:00:00][%mdl 4096] Endgame [#] KRB-KRN} 29. Nc4 $1 {[%emt 0:00:01] Wards off Rd2} (29. Rxb7 $6 Rd2 $16) 29... e4 30. Rxb7 (30. Nxa5 $6 e3 31. Nxb7 (31. Rxb7 Rd1+ 32. Kg2 Re1 $15) 31... Rd1+ 32. Kg2 Rd2 $11) (30. fxe4 $16 {And now Nd6 would win.} Bxe4 31. Kf2 (31. Nxa5 Ra8 $14) (31. Nd6 Bd5 $16)) 30... exf3 $14 31. exf3 Rd1+ (31... Bd3 $14 32. Ne5 (32. Nxa5 Re8 $11) 32... Rd5 33. Nxf7 (33. Rxf7+ Kg8 $16) 33... Rxb5 34. Nd6+ {[%mdl 64] Discovered Attack} Rxb7 35. Nxb7 a4) 32. Kf2 $18 {[%emt 0:00:26][%cal Ob5b6] aiming for b6!} Ra1 $2 (32... Bb1 {was necessary.} 33. a3 (33. Nxa5 Bxa2 34. Ke3 Rb1 $16) 33... a4) 33. a3 (33. Nxa5 $2 Rxa2+ 34. Ke3 Rxa5 $19) (33. b6 $142 Rb1 34. Ra7) 33... Bd3 $2 (33... Bf5 34. Ke3 (34. Nxa5 Ra2+ 35. Ke1 Rxa3 $16) 34... Be6) 34. Ne5 (34. Nxa5 Ra2+ 35. Ke3 Rxa3 $16) 34... Bg6 35. Ra7 {[%emt 0:01:13] Hoping for b6.} Ra2+ 36. Ke3 {[%emt 0:00:01] Strongly threatening b6.} Rxa3+ 37. Kd4 a4 38. b6 Rb3 39. b7 ({Stronger than} 39. Rxa4 Rxb6 40. h4 gxh4 41. gxh4 Rb1 $11) 39... g4 40. fxg4 ({And not} 40. Rxa4 gxf3 41. Nxf3 (41. Nxg6 fxg6 42. Ra7 Kf6 $11) 41... Rxb7 $11) 40... a3 41. Nc6 Rd3+ 42. Kc4 Rd6 43. Kc5 {[%emt 0:00:04] Weighted Error Value: White=0.15 (very precise) /Black=0.58} 1-0

[Event "ChessKid Cup Div-III 2023"]
[Site "Online"]
[Date "2023.05.23"]
[Round "52.1"]
[White "Kamsky, Gata"]
[Black "Terry, Renato"]
[Result "1/2-1/2"]
[ECO "C18"]
[WhiteElo "2665"]
[BlackElo "2520"]
[Annotator "TA"]
[PlyCount "202"]
[EventDate "2023.05.21"]
[EventType "k.o."]
[EventCountry "NET"]
[SourceTitle "playchess.com"]
[Source "ChessBase"]
[SourceQuality "1"]
[TimeControl "900+3"]

1. e4 e6 2. d4 d5 3. Nc3 Bb4 4. e5 c5 5. a3 Bxc3+ 6. bxc3 Qa5 7. Bd2 Qa4 8. Qb1 c4 9. Ne2 Nc6 10. Nf4 g6 11. Be2 Nge7 12. O-O Bd7 13. Qc1 h6 14. Nh3 Ng8 15. Re1 O-O-O 16. Bd1 Rf8 17. Rb1 Kb8 18. Nf4 Ka8 19. Bf3 Nge7 20. Bg4 Rh7 21. Re3 Rfh8 22. Qb2 b6 23. Rg3 Bc8 24. Re1 Bd7 25. Qc1 Bc8 26. Ne2 Bd7 27. Rh3 Ng8 28. Rf3 Nge7 29. Rh3 Ng8 30. Nf4 Nge7 31. Rg3 Bc8 32. h4 Bd7 33. Rf1 Bc8 34. Bh3 Nd8 35. Re1 Ndc6 36. Bg4 Bd7 37. Rh3 Nd8 38. Ne2 h5 39. Bf3 Nf5 40. Bg5 Nc6 41. Nf4 Qa5 42. Be2 Re8 43. Bf6 Nce7 44. Rd1 Ng8 45. Bg5 Ngh6 46. Qb2 Ba4 47. Rb1 Rc8 48. Rf3 Ng4 49. Rh3 (49. Ra1 $14) 49... Rf8 ({Black should try} 49... Ngh6 $1 $11) 50. Rc1 Ngh6 51. Bf3 Rc8 52. Rh1 Kb8 53. g3 (53. Rb1 {looks sharper.} Ng4 54. g3 Rhh8 55. Ra1) 53... Qb5 54. Qxb5 Bxb5 55. Kg2 Ba4 56. Nh3 Ng8 57. Be2 Kc7 58. f3 Kd7 59. Kf2 Rf8 60. g4 (60. Nf4 $14) 60... Nfe7 $1 $11 ({Don't play} 60... hxg4 61. fxg4 Ng7 62. Nf4 $16) 61. Kg3 f6 $1 62. exf6 Nxf6 63. Bxf6 Rxf6 64. Ng5 Rh8 65. Rhe1 Nc6 66. Bf1 Re8 67. Bh3 Kd6 68. Re2 e5 69. Rce1 Re7 70. dxe5+ Rxe5 71. Rxe5 Nxe5 72. gxh5 gxh5 73. f4 Ng6 (73... Nf7 $11) 74. f5 (74. Nh7 $16 Rf7 75. Re6+ Kc5 76. Ng5) 74... Ne7 $11 75. Nh7 Rf7 $2 {[%emt 0:00:01][%mdl 8192] [#]} (75... Nxf5+ $2 76. Kf4 Rg6 77. Bxf5 $18) (75... Rh6 $1 $11 76. f6 Rxh7 77. Re6+ {[%mdl 64] Deflection} (77. fxe7 Rxe7 78. Rxe7 Kxe7 $17) 77... Kc5 78. fxe7 (78. Rxe7 Rxe7 79. fxe7 Kd6 $11) 78... Rg7+ 79. Kf4 Be8) 76. Re6+ $1 $18 Kc5 {[%emt 0:00:08] [#]} 77. Ng5 $1 Nxf5+ 78. Kf4 Rf8 (78... Nxh4+ $2 79. Nxf7 Bd7 80. Re3 $18) 79. Bxf5 Bxc2 80. Re5 Rxf5+ $2 (80... Bxf5 81. Rxf5 Re8) 81. Rxf5 $18 Bxf5 82. Kxf5 Kb5 83. Ke5 $2 ({White has to play} 83. Ne6 $18 {Nf4 is the strong threat.} Ka4 84. Nf4) 83... Ka4 $11 84. Kxd5 Kb3 $2 (84... Kxa3 $11 85. Kxc4 a5) 85. Ne4 b5 86. Kc5 a6 87. Kb6 Kxa3 88. Kxa6 b4 89. cxb4 $2 (89. Kb5 {mates} bxc3 90. Nxc3 (90. Kxc4 $2 {loses.} c2 $19) 90... Kb3 91. Ne2 c3 92. Kc5 c2 93. Kd4 Kb4 94. Kd3) 89... Kxb4 $11 90. Kb6 c3 91. Nxc3 Kxc3 92. Kc5 Kb3 93. Kd5 Kb4 94. Ke5 Kc5 95. Kf5 Kd6 96. Kg5 Ke7 97. Kxh5 Kf7 98. Kg5 Kg8 99. h5 Kh8 100. h6 Kg8 101. h7+ Kxh7 1/2-1/2

[Event "ChessKid Cup Div-III 2023"]
[Site "Online"]
[Date "2023.05.23"]
[Round "52.1"]
[White "Gledura, Benjamin"]
[Black "Santos Ruiz, Miguel"]
[Result "1/2-1/2"]
[ECO "D35"]
[WhiteElo "2644"]
[BlackElo "2590"]
[Annotator "TA"]
[PlyCount "88"]
[EventDate "2023.05.21"]
[EventType "k.o."]
[EventCountry "NET"]
[SourceTitle "playchess.com"]
[Source "ChessBase"]
[SourceQuality "1"]
[TimeControl "900+3"]

1. c4 e6 2. Nc3 d5 3. d4 Nf6 4. cxd5 exd5 5. Bf4 Bd6 6. Bxd6 {[%emt 0:00:02] D35: Queen's Gambit Declined: Exchange Variation.} Qxd6 7. e3 O-O 8. Bd3 Bg4 9. Qb3 Nbd7 {[%emt 0:00:14] [#]} 10. Nge2 $146 ({Reject} 10. Qxb7 Rab8 11. Qa6 Qxa6 12. Bxa6 Rxb2 $11) (10. h3 $5 Bh5 11. Nge2 $11) ({Predecessor:} 10. h3 Be6 11. Nf3 c5 12. Qa3 Rfc8 13. O-O Qf8 14. dxc5 Nxc5 15. Ne2 Bd7 16. Nfd4 {½-½ Rapport,R (2763)-Wojtaszek,R (2686) Berlin FIDE GP 1 Pool-B 2022 (4)}) 10... c5 {[%emt 0:00:15] [#] And now ...c4 would win.} 11. Qa3 Rfc8 12. O-O Qf8 13. f3 Be6 14. Nf4 a6 15. dxc5 Nxc5 16. Nce2 Bd7 17. Nd4 Re8 18. Rac1 Rac8 19. Bb1 Ne6 20. Qxf8+ (20. Rxc8 {simplifies} Rxc8 21. Qxf8+ Kxf8 22. Nfe2) 20... Kxf8 21. Kf2 Nxf4 22. exf4 h5 23. Rcd1 Rc4 24. Rd2 Rec8 25. Rfd1 Rc1 26. Bc2 Rxd1 27. Rxd1 Ke7 28. Bb3 Kd6 29. g3 a5 {[%emt 0:00:14] The position is equal.} 30. a3 Rc5 31. Ke3 Ng8 32. Ne2 Ne7 33. Nc3 {[%emt 0:00:02] [#] aiming for Ne4+.} f5 {[%emt 0:00:23] Dodges Ne4+} 34. g4 hxg4 35. fxg4 Be6 36. Bc2 Nc6 {[%emt 0:00:08] White must now prevent ...d4+.} 37. Bxf5 {[%emt 0:00:29] Hoping for Ne4+.} (37. gxf5 $5 d4+ $8 38. Kf3 $11) 37... d4+ 38. Ke4 Bb3 {[%emt 0:00:12] ...Bc2+ is the strong threat.} 39. Rd2 {[%emt 0:00:01] Prevents Bc2+. Kf3 would be deadly.} Ke7 40. Ne2 Bd5+ 41. Kd3 Bc4+ 42. Ke4 Bd5+ 43. Kd3 Bc4+ 44. Ke4 Bd5+ {[%emt 0:00:00] Weighted Error Value: White=0.05 (flawless) /Black=0.04 (flawless)} 1/2-1/2